 Dungeon Crawl Stone Soup version 0.29-a0-337-g68df138881 (webtiles) character file.

Game seed: 1136332250649787799

37 sammy202020 the Skirmisher (level 3, 0/43 HPs)
             Began as a Demonspawn Berserker on Apr 16, 2022.
             Was a Follower of Trog.
             Slain by a gnoll
             ... wielding a +0 halberd
              (6 damage)
             ... on level 2 of the Dungeon.
             The game lasted 00:01:09 (1263 turns).

sammy202020 the Skirmisher (Demonspawn Berserker)   Turns: 1263, Time: 00:01:10

Health: 0/43       AC:  5    Str: 17    XL:     3   Next: 21%
Magic:  3/3        EV: 11    Int: 10    God:    Trog [*.....]
Gold:   54         SH:  0    Dex: 12    Spells: 2/2 levels left

rFire   . . .      SeeInvis .   a - +0 hand axe
rCold   . . .      Faith    .   (no shield)
rNeg    . . .      Spirit   .   c - +0 ring mail
rPois   .          Reflect  .   (no helmet)
rElec   .          Harm     .   (no cloak)
rCorr   .          Rampage  .   (no gloves)
Will    .....                   (no boots)
Stlth   ..........              (no amulet)
HPRegen 2.14/turn               (no ring)
MPRegen 0.08/turn               (no ring)

@: berserking, very quick
A: powered by death 1
a: Renounce Religion, Berserk


You were on level 2 of the Dungeon.
You worshipped Trog.
Trog was aware of your devotion.
You visited 1 branch of the dungeon, and saw 2 of its levels.

You collected 54 gold pieces.

Inventory:

Hand Weapons
 a - a +0 hand axe (weapon)
Armour
 c - a +0 ring mail (worn)
Scrolls
 b - a scroll of silence {unknown}
 d - a scroll of identify {unknown}
 g - a scroll of acquirement {unknown}
 h - a scroll of fear {unknown}
Potions
 e - a potion of ambrosia {unknown}
 f - a potion of curing {unknown}


   Skills:
 * Level 3.6 Fighting
 * Level 3.2 Axes
 + Level 2.1 Armour
 - Level 1.7 Dodging


You had 2 spell levels left.
You didn't know any spells.
Your spell library was empty.

Dungeon Overview and Level Annotations

Branches:
Dungeon (2/15)

Altars:

Annotations:
D:2 Natasha


Innate Abilities, Weirdness & Mutations

You regenerate a little health from kills.


Message History

Trog accepts your kill.
You completely miss the gnoll.
Natasha mumbles some strange words.
The gnoll hits you with a +0 flail. The quokka barely misses you.
You closely miss Natasha.
Natasha is severely wounded.
You hit the quokka.
You kill the quokka!
Trog accepts your kill.
You hit the gnoll. You barely miss Natasha.
Natasha is severely wounded.
You closely miss the gnoll.
A nearby plant withers and dies.
Natasha claws you!
You closely miss Natasha.
Natasha is severely wounded.
You barely miss the crimson imp. You slash the gnoll!
You kill the gnoll!
Trog accepts your kill.
A nearby plant withers and dies.
Natasha claws you.
* * * LOW HITPOINT WARNING * * *
The gnoll closely misses you.
The crimson imp blinks!
You have reached level 3!
Your experience leads to an increase in your attributes!
Increase (S)trength, (I)ntelligence, or (D)exterity?
You feel clever. x2
You hit Natasha.
Natasha is almost dead.
You slash the gnoll!
A bat comes into view.
The bat moves out of view.
You closely miss Natasha.
Natasha is almost dead.
You slash the gnoll!
You kill the gnoll!
Trog accepts your kill.
Natasha stares at you and mumbles some strange words.
The magic dart hits you!
* * * LOW HITPOINT WARNING * * *
The gnoll hits you from afar with a +0 halberd.
You die...

#####...
##......##.
...#.....
#..#...# #
#..#...#
.#.#.#..#...#
........!!).#####
...#.##..@)......
........#h§.#..#.
...#.#..#..g#
#...≈5P≈≈..
....≈.P≈P≈P..#
...#.≈PP≈≈≈P≈..#
.. #.PP≈≈≈≈≈P....
. ...P♣≈♣≈≈P....
.#..≈ ≈♣≈≈≈≈


You could see Natasha, a gnoll and a crimson imp (summoned).

Vanquished Creatures
  3 gnolls (D:2)
  A ball python (D:1)
  2 endoplasms (D:1)
  A giant cockroach (D:2)
  A goblin (D:1)
  A hobgoblin (D:1)
  3 jackals (D:1)
  A quokka (D:2)
  A bat (D:1)
  3 kobolds (D:1)
17 creatures vanquished.

Vanquished Creatures (others)
  8 plants (D:2)
8 creatures vanquished.

Grand Total: 25 creatures vanquished

Notes
Turn   | Place    | Note
-------+----------+-------------------------------------------
     0 | D:1      | sammy202020 the Demonspawn Berserker began the quest for
                  | the Orb.
     0 | D:1      | Reached XP level 1. HP: 18/18 MP: 1/1
   223 | D:1      | Found a faded altar of an unknown god.
   637 | D:1      | Gained mutation: You regenerate a little health from kills.
                  | [demonic ancestry]
   637 | D:1      | Reached XP level 2. HP: 22/24 MP: 2/2
  1250 | D:2      | Noticed Natasha
  1259 | D:2      | Noticed a crimson imp
  1262 | D:2      | Reached XP level 3. HP: 12/29 MP: 3/3
  1263 | D:2      | Slain by a gnoll

Illustrated notes

Levels and vault maps discovered:
D:1:      dpeg_arrival_boxorama, layout_basic,
          shapermc_ecumenical_altar_flowoftime
D:2:      kb_forest_paths, layout_basic, serial_bayou, serial_bayou_lagoon_a,
          serial_bayou_pond_e, serial_bayou_pond_d, serial_bayou_pond_a,
          uniq_natasha

Skill      XL: |  1  2 |
---------------+-------+-----
Axes           | 3 |  3.2
Armour         | 2 |  2.1
Fighting       | |  3.6
Dodging        | |  1.7

Action                   || total
-------------------------++-------
Melee: Hand axe          ||    59
       Punch             ||     1
Invok: Berserk           ||     1
Armor: Ring mail         ||    17
Dodge: Dodged            ||    51

Table legend: (Time is in decaauts)
 A = Elapsed time spent in this place.
 B = Non-inter-level travel time spent in this place.
 C = Inter-level travel time spent in this place.
 D = Time resting spent in this place.
 E = Time spent auto-exploring this place.
 F = Levels seen in this place.
 G = Mean time per level.
                   A        B        C        D        E       F      G
               +--------+--------+--------+--------+--------+-----+--------+
         Total |   1269 |   1258 |     11 |      0 |   1091 |   2 |  634.5 |
       Dungeon |   1269 |   1258 |     11 |      0 |   1091 |   2 |  634.5 |
               +--------+--------+--------+--------+--------+-----+--------+

Top non-repeatable levels by time:
     D:1: 1257 daAuts
     D:2: 12 daAuts
